 Dungeon Crawl Stone Soup version 0.20.0 (webtiles) character file.

833 SpeedrunTech the Cleaver (level 7, -4/64 HPs)
             Began as a Minotaur Berserker on June 11, 2017.
             Was a Priest of Trog.
             Slain by Pikel
             ... wielding a +1 whip of electrocution
              (19 damage)
             ... on level 7 of the Dungeon.
             The game lasted 00:01:37 (1683 turns).

SpeedrunTech the Cleaver (Minotaur Berserker)       Turns: 1683, Time: 00:01:38

Health: -4/64      AC: 11    Str: 29    XL:     7   Next: 65%
Magic:  6/6        EV:  9    Int:  4    God:    Trog [***...]
Gold:   54         SH:  0    Dex:  9    Spells: 6/6 levels left

rFire    . . .     SeeInvis .   a - +1 hand axe (vamp) {!w}
rCold    . . .     Gourm    .   (no shield)
rNeg     . . .     Faith    .   b - +0 chain mail
rPois    .         Spirit   .   (helmet restricted)
rElec    .         Reflect  .   f - +2 cloak
rCorr    .         Harm     .   (no gloves)
MR       .....                  (no boots)
Stlth    ..........             (no amulet)
Regen    0.2/turn               (no ring)
MPRegen  0.1/turn               (no ring)

@: mighty, berserk cooldown, slowed, drained, very slow
A: retaliatory headbutt, horns 2
a: Berserk, Trog's Hand, Burn Spellbooks, Renounce Religion


You were on level 7 of the Dungeon.
You worshipped Trog.
Trog was most pleased with you.
You were very hungry.

You visited 1 branch of the dungeon, and saw 7 of its levels.

You collected 54 gold pieces.

Inventory:

Hand Weapons
 a - a +1 vampiric hand axe (weapon) {!w}
 p - a +0 war axe
Armour
 b - a +0 chain mail (worn)
 f - a +2 cloak (worn)
Scrolls
 e - a scroll of remove curse
 g - a scroll of magic mapping
 h - a scroll of recharging
 o - 2 scrolls of enchant armour {unknown}
 q - 2 scrolls of random uselessness {unknown}
 r - a scroll of fog {unknown}
Potions
 i - a potion of agility {unknown}
 k - a potion of cancellation {unknown}
 l - 2 potions of heal wounds {unknown}
 n - a potion of mutation {unknown}
Comestibles
 j - 2 royal jellies


   Skills:
 + Level 6.8(6.4) Fighting
 * Level 9.3(8.9) Axes
 - Level 2.4(2.1) Armour
 - Level 2.1(1.8) Dodging


You had 6 spell levels left.
You didn't know any spells.

Dungeon Overview and Level Annotations

Branches:
Dungeon (7/15)
 Temple: D:4-7

Altars:

Annotations:
D:7 Pikel


Innate Abilities, Weirdness & Mutations

You reflexively headbutt those who attack you in melee.
You have a pair of horns on your head.


Message History

Pikel hits you with a whip of electrocution.
You are electrocuted!
You are too injured to fight recklessly!
Unknown command.
You closely miss Pikel.
Pikel is moderately wounded.
You hit the orc warrior but do no damage.
Pikel hits you but does no damage.
The orc warrior hits you with a battleaxe!
* * * LOW HITPOINT WARNING * * *
Pikel hits you but does no damage.
You are too injured to fight recklessly!
Unknown command.
You barely miss the orc warrior. Your headbutt misses the orc warrior.
The orc warrior is moderately wounded.
You hit Pikel but do no damage. The orc warrior barely misses you.
Pikel hits you with a whip of electrocution.
* * * LOW HITPOINT WARNING * * *
You are electrocuted!
You die...

###
#@#
#Ko..#
######


You could see Pikel and an orc warrior.

Vanquished Creatures
  An orc warrior (D:5)
  3 slaves (D:6)
  A centaur (D:5)
  Blork the orc (D:6)
  A gnoll sergeant (D:6)
  A howler monkey (D:4)
  2 hounds
  3 orc priests
  An iguana (D:6)
  4 orc wizards
  2 worker ants
  4 adders
  4 gnolls (D:6)
  2 oozes
  A dart slug (D:4)
  2 leopard geckos
  13 orcs
  2 giant cockroaches (D:3)
  5 goblins (D:3)
  9 hobgoblins
  6 jackals
  A quokka (D:3)
  3 bats
  4 frilled lizards
  6 kobolds
  A leopard gecko zombie (D:6)
  3 rats
86 creatures vanquished.

Notes
Turn   | Place    | Note
-------+----------+-------------------------------------------
     0 | D:1      | SpeedrunTech the Minotaur Berserker began the quest for the Orb.
     0 | D:1      | Reached XP level 1. HP: 19/19 MP: 0/0
    60 | D:1      | Reached skill level 4 in Axes
    75 | D:1      | Reached XP level 2. HP: 25/27 MP: 1/1
   404 | D:2      | Reached ** piety under Trog
   458 | D:3      | Reached XP level 3. HP: 33/33 MP: 2/2
   462 | D:3      | Reached skill level 5 in Axes
   639 | D:3      | Reached XP level 4. HP: 31/40 MP: 3/3
   903 | D:4      | Reached skill level 6 in Axes
   903 | D:4      | Reached XP level 5. HP: 31/47 MP: 4/4
   933 | D:4      | Reached skill level 5 in Fighting
   943 | D:4      | Reached skill level 7 in Axes
  1113 | D:5      | Entered Level 5 of the Dungeon
  1113 | D:5      | Noticed an orc warrior
  1120 | D:5      | Reached XP level 6. HP: 56/56 MP: 5/5
  1125 | D:5      | Killed an orc warrior
  1242 | D:5      | Reached skill level 8 in Axes
  1245 | D:5      | Reached *** piety under Trog
  1298 | D:5      | Reached XP level 7. HP: 58/62 MP: 6/6
  1374 | D:6      | Noticed Blork the orc
  1384 | D:6      | Killed Blork the orc
  1648 | D:6      | Noticed Pikel
  1653 | D:6      | Reached skill level 9 in Axes
  1683 | D:7      | Slain by Pikel

Skill      XL: |  1  2  3  4  5  6  7 |
---------------+----------------------+-----
Axes           | 4 5 6 7 8 9 |  9.3
Fighting       | 4 5 6 |  6.8
Armour         | |  2.4
Dodging        | |  2.1

Action                   |  1- 3 |  4- 6 |  7- 9 || total
-------------------------+-------+-------+-------++-------
Melee: Hand axe          |    44 |    77 |    36 ||   157
       Headbutt          |    11 |    13 |     4 ||    28
       War axe           |    26 |    22 |       ||    48
Invok: Berserk           |       |     3 |     2 ||     5
       Trog's Hand       |       |       |     1 ||     1
  Use: Scroll            |       |     3 |     1 ||     4
       Potion            |       |     1 |     1 ||     2
 Stab: Sleeping          |     1 |       |       ||     1
  Eat: Bread ration      |       |     2 |       ||     2
       Chunk             |       |     1 |     2 ||     3
Armor: Chain mail        |    38 |    62 |    18 ||   118
       Animal skin       |     1 |       |       ||     1
Dodge: Dodged            |    45 |    35 |    22 ||   102
